PAAA
PHOENIX HOTSPUR RESERVES @ GRYFINDOR BRAVES
06/02/2029
 
TOP OF THE 1ST
Phoenix Hotspur Reserves batting - Pitching for Gryfindor Braves : RHP Marv Bradford
Pitching: RHP Marv Bradford
Batting: SHB Roberto López 0-0: Ball
1-0: SINGLE (Line Drive, 7S)
Batting: RHB Rubén Andrada 0-0: Called Strike
0-1: Foul Ball, location: 2F
0-2: SINGLE (Flyball, 9LS)
Roberto López to second
Runner from 2nd tries for 3rd, SAFE, no throw
Batting: LHB Clark Espinosa 0-0: Ball
1-0: Ball
2-0: Called Strike
2-1: SINGLE (Flyball, 8RS)
Roberto López scores
Rubén Andrada to second
Runner from 2nd tries for 3rd, SAFE, no throw
Batting: LHB Harumi Takaki 0-0: Ball
1-0: Called Strike
1-1: Called Strike
1-2: Ball
Balk!
Rubén Andrada scores
Clark Espinosa to second
2-2: Foul Ball, location: 2F
2-2: Fly out, F8 (Flyball, 89XD)
Runner from 2nd tags up, SAFE at 3rd, no throw
Batting: RHB Satoshi Terada 0-0: Foul Ball, location: 2F
0-1: Ball
1-1: Foul Ball, location: 2F
1-2: Ball
2-2: Ball
3-2: Fly out, F8 (Flyball, 8RXD)
Runner from 3rd tags up, SCORES, no throw
Batting: RHB Bob Curry 0-0: Called Strike
0-1: Foul Ball, location: 2F
0-2: Strikes out swinging
Top of the 1st over - 3 runs, 3 hits, 0 errors, 0 left on base; Phoenix 3 - Gryfindor 0
BOTTOM OF THE 1ST
Gryfindor Braves batting - Pitching for Phoenix Hotspur Reserves : LHP Ricardo Sánchez
Pitching: LHP Ricardo Sánchez
Batting: RHB Ernesto Souza 0-0: Hit by Pitch
Batting: RHB Roy Herring 0-0: Called Strike
0-1: Swinging Strike
Ernesto Souza is caught stealing 2nd base
0-2: Strikes out swinging
Batting: RHB Paul Penrice 0-0: Called Strike
0-1: Swinging Strike
0-2: Foul Ball, location: 2F
0-2: Foul Ball, location: 2F
0-2: Fly out, F4 (Line Drive, 4MD)
Bottom of the 1st over - 0 runs, 0 hits, 0 errors, 0 left on base; Phoenix 3 - Gryfindor 0
TOP OF THE 2ND
Phoenix Hotspur Reserves batting - Pitching for Gryfindor Braves : RHP Marv Bradford
Batting: RHB Germán Alfaro 0-0: Ball
1-0: Swinging Strike
1-1: DOUBLE (Line Drive, 7LD)
Batting: RHB Javier González 0-0: Called Strike
Germán Alfaro is caught stealing 3rd base
0-1: Swinging Strike
0-2: Strikes out looking
Batting: LHB Derek Blair 0-0: Ground out 6-3 (Groundball, 6)
Top of the 2nd over - 0 runs, 1 hit, 0 errors, 0 left on base; Phoenix 3 - Gryfindor 0
BOTTOM OF THE 2ND
Gryfindor Braves batting - Pitching for Phoenix Hotspur Reserves : LHP Ricardo Sánchez
Batting: RHB Ralph Cranford 0-0: Called Strike
0-1: Called Strike
0-2: Ball
1-2: DOUBLE (Line Drive, 8LD)
Batting: RHB Jeff Green 0-0: Called Strike
0-1: Foul Ball, location: 2F
0-2: Fly out, F7 (Flyball, 7LD)
Runner from 2nd tags up, SAFE at 3rd, no throw
Batting: RHB Raúl Reyna 0-0: Foul Ball, location: 2F
0-1: Ground out 3-1 (Groundball, 34)
Ralph Cranford scores
Batting: RHB Rafael Durango 0-0: Ball
1-0: Swinging Strike
1-1: Foul Ball, location: 2F
1-2: Foul Ball, location: 2F
1-2: Ground out 5-3 (Groundball, 56S)
Bottom of the 2nd over - 1 run, 1 hit, 0 errors, 0 left on base; Phoenix 3 - Gryfindor 1
TOP OF THE 3RD
Phoenix Hotspur Reserves batting - Pitching for Gryfindor Braves : RHP Marv Bradford
Batting: SHB Roberto López 0-0: Ball
1-0: Foul Ball, location: 2F
1-1: Foul Ball, location: 2F
1-2: Foul Ball, location: 2F
1-2: Ball
2-2: Foul Ball, location: 2F
2-2: Ball
3-2: Ground out 5-3 (Groundball, 56)
Batting: RHB Rubén Andrada 0-0: Fly out, F8 (Flyball, 8RS)
Batting: LHB Clark Espinosa 0-0: Foul Ball, location: 2F
0-1: Ball
1-1: Foul Ball, location: 2F
1-2: Fly out, F7 (Flyball, 7)
Top of the 3rd over - 0 runs, 0 hits, 0 errors, 0 left on base; Phoenix 3 - Gryfindor 1
BOTTOM OF THE 3RD
Gryfindor Braves batting - Pitching for Phoenix Hotspur Reserves : LHP Ricardo Sánchez
Batting: LHB Ignacio Medine 0-0: Swinging Strike
0-1: Ball
1-1: Ball
2-1: Ball
3-1: SINGLE (Groundball, 4D)
Batting: LHB Ken Watanabe 0-0: Ball
1-0: Called Strike
1-1: Called Strike
1-2: Foul Ball, location: 2F
1-2: DOUBLE (Flyball, 8RXD)
Ignacio Medine to third
Batting: RHB Ernesto Souza 0-0: Called Strike
0-1: Ball
1-1: Fly out, F7 (Flyball, 7S)
Batting: RHB Roy Herring 0-0: Ball
1-0: Foul Ball, location: 2F
1-1: Fly out, F7 (Flyball, 78S)
Runner from 3rd tags up, SCORES, throw made
Batting: RHB Paul Penrice 0-0: Called Strike
0-1: Ball
1-1: Ball
2-1: Reached on error, E5 (Groundball, 56)
Ken Watanabe to third
Batting: RHB Ralph Cranford 0-0: Called Strike
0-1: SINGLE (Flyball, 8LS)
Ken Watanabe scores
Paul Penrice to second
Batting: RHB Jeff Green 0-0: Ball
1-0: Ball
2-0: Ball
3-0: Base on Balls
Paul Penrice to third
Ralph Cranford to second
Batting: RHB Raúl Reyna 0-0: Ball
1-0: Ball
2-0: Called Strike
2-1: Ball
3-1: Foul Ball, location: 2F
3-2: Foul Ball, location: 2F
3-2: Single, Error in OF, E9, batter to second base
Paul Penrice scores
Ralph Cranford scores
Jeff Green to third
Batting: RHB Rafael Durango 0-0: Foul Ball, location: 2F
0-1: Called Strike
0-2: Ground out 6-3 (Groundball, 6MD)
Bottom of the 3rd over - 4 runs, 4 hits, 2 errors, 2 left on base; Phoenix 3 - Gryfindor 5
TOP OF THE 4TH
Phoenix Hotspur Reserves batting - Pitching for Gryfindor Braves : RHP Marv Bradford
Batting: LHB Harumi Takaki 0-0: Called Strike
0-1: Ball
1-1: Swinging Strike
1-2: Strikes out swinging
Batting: RHB Satoshi Terada 0-0: Called Strike
0-1: Fly out, F8 (Flyball, 8LD)
Batting: RHB Bob Curry 0-0: Foul Ball, location: 2F
0-1: Ball
1-1: Ball
2-1: Ground out 4-3 (Groundball, 4)
Top of the 4th over - 0 runs, 0 hits, 0 errors, 0 left on base; Phoenix 3 - Gryfindor 5
BOTTOM OF THE 4TH
Gryfindor Braves batting - Pitching for Phoenix Hotspur Reserves : LHP Ricardo Sánchez
Batting: LHB Ignacio Medine 0-0: SINGLE (Groundball, 4MD)
Batting: LHB Ken Watanabe 0-0: Called Strike
0-1: SINGLE (Line Drive, 4D)
Ignacio Medine to second
Batting: RHB Ernesto Souza 0-0: Swinging Strike
0-1: Ball
1-1: Foul Ball, location: 2F
1-2: Ball
2-2: Fielders Choice at 2nd, 6-4 (Groundball, 6)
Ignacio Medine to third
Batting: RHB Roy Herring 0-0: Ball
1-0: Called Strike
1-1: Ball
2-1: Ball
3-1: Grounds into double play, 4-6-3 (Groundball, 4)
Bottom of the 4th over - 0 runs, 2 hits, 0 errors, 1 left on base; Phoenix 3 - Gryfindor 5
TOP OF THE 5TH
Phoenix Hotspur Reserves batting - Pitching for Gryfindor Braves : RHP Marv Bradford
Batting: RHB Germán Alfaro 0-0: Ground out 6-3 (Groundball, 6)
Batting: RHB Javier González 0-0: Called Strike
0-1: Swinging Strike
0-2: Ball
1-2: Foul Ball, location: 2F
1-2: Strikes out swinging, 2-3 out at first.
Batting: LHB Derek Blair 0-0: Ball
1-0: Called Strike
1-1: Foul Ball, location: 2F
1-2: Ball
2-2: Strikes out swinging
Top of the 5th over - 0 runs, 0 hits, 0 errors, 0 left on base; Phoenix 3 - Gryfindor 5
BOTTOM OF THE 5TH
Gryfindor Braves batting - Pitching for Phoenix Hotspur Reserves : LHP Ricardo Sánchez
Batting: RHB Paul Penrice 0-0: SINGLE (Groundball, 6) (infield hit)
Batting: RHB Ralph Cranford 0-0: Ball
1-0: Ball
2-0: Ball
3-0: Called Strike
3-1: Base on Balls
Paul Penrice to second
Batting: RHB Jeff Green 0-0: Called Strike
0-1: Swinging Strike
0-2: Ball
1-2: Strikes out swinging
Batting: RHB Raúl Reyna 0-0: Ball
1-0: Ball
2-0: Foul Ball, location: 2F
2-1: Fielders Choice at 2nd, 3-6 (Groundball, 3)
Paul Penrice to third
Batting: RHB Rafael Durango 0-0: Ball
1-0: Called Strike
1-1: Foul Ball, location: 2F
1-2: Strikes out swinging
Bottom of the 5th over - 0 runs, 1 hit, 0 errors, 2 left on base; Phoenix 3 - Gryfindor 5
TOP OF THE 6TH
Phoenix Hotspur Reserves batting - Pitching for Gryfindor Braves : RHP Marv Bradford
Batting: SHB Roberto López 0-0: Fly out, F8 (Flyball, 8RXD)
Batting: RHB Rubén Andrada 0-0: Ball
1-0: Foul Ball, location: 2F
1-1: Ball
2-1: Foul Ball, location: 2F
2-2: Foul Ball, location: 2F
2-2: Ball
3-2: Base on Balls
Batting: LHB Clark Espinosa 0-0: Called Strike
0-1: Foul Ball, location: 2F
0-2: Strikes out swinging
Batting: LHB Harumi Takaki 0-0: Fly out, F8 (Flyball, 8RM)
Top of the 6th over - 0 runs, 0 hits, 0 errors, 1 left on base; Phoenix 3 - Gryfindor 5
BOTTOM OF THE 6TH
Gryfindor Braves batting - Pitching for Phoenix Hotspur Reserves : LHP Ricardo Sánchez
Batting: LHB Ignacio Medine 0-0: Called Strike
0-1: Ball
1-1: Foul Ball, location: 2F
1-2: Strikes out swinging
Batting: LHB Ken Watanabe 0-0: Foul Ball, location: 2F
0-1: Fly out, F7 (Flyball, 7LM)
Batting: RHB Ernesto Souza 0-0: SINGLE (Groundball, 56D)
Batting: RHB Roy Herring 0-0: Ball
1-0: Ball
2-0: Ball
3-0: Called Strike
3-1: Swinging Strike
3-2: Strikes out looking
Bottom of the 6th over - 0 runs, 1 hit, 0 errors, 1 left on base; Phoenix 3 - Gryfindor 5
TOP OF THE 7TH
Phoenix Hotspur Reserves batting - Pitching for Gryfindor Braves : RHP Marv Bradford
Batting: RHB Satoshi Terada 0-0: Called Strike
0-1: Reached on error, E6 (Groundball, 6)
Batting: RHB Bob Curry 0-0: Ball
1-0: Sac Bunt - play at first, batter OUT! 1-3
Satoshi Terada to second
Batting: RHB Germán Alfaro 0-0: Foul Ball, location: 2F
0-1: Swinging Strike
0-2: Ball
1-2: Foul Ball, location: 2F
1-2: Foul Ball, location: 2F
1-2: Ball
2-2: Foul Ball, location: 2F
2-2: Foul Ball, location: 2F
2-2: SINGLE (Groundball, 6MD)
Satoshi Terada to third
Runner from 3rd tries for Home, SAFE, no throw
Pinch Hitting: RHB Jesús Mejía 0-0: Called Strike
Germán Alfaro is caught stealing 2nd base
0-1: Ball
1-1: Ground out 6-3 (Groundball, 56D)
Top of the 7th over - 1 run, 1 hit, 1 error, 0 left on base; Phoenix 4 - Gryfindor 5
BOTTOM OF THE 7TH
Gryfindor Braves batting - Pitching for Phoenix Hotspur Reserves : LHP Ricardo Sánchez
Now in LF: Richard Alpert
Batting: RHB Paul Penrice 0-0: Fly out, F4 (Popup, 4D)
Batting: RHB Ralph Cranford 0-0: Called Strike
0-1: Ball
1-1: Fly out, F4 (Popup, 4M)
Batting: RHB Jeff Green 0-0: Ball
1-0: Swinging Strike
1-1: Foul Ball, location: 2F
1-2: Ball
2-2: SINGLE (Line Drive, 56)
Pitching: RHP Dylan Guérin
Pinch Hitting: LHB Brent van Schoonhoven 0-0: Ball
1-0: Ball
2-0: Ball
3-0: Base on Balls
Jeff Green to second
Batting: RHB Rafael Durango 0-0: Ball
1-0: Ball
2-0: Called Strike
2-1: Ground out 6-3 (Groundball, 6S)
Bottom of the 7th over - 0 runs, 1 hit, 0 errors, 2 left on base; Phoenix 4 - Gryfindor 5
TOP OF THE 8TH
Phoenix Hotspur Reserves batting - Pitching for Gryfindor Braves : RHP Marv Bradford
Now at C: Félix Cruz
Now at 2B: Emílio Gonzáles
Now in LF: Micheal Garren
Batting: LHB Derek Blair 0-0: Ground out 6-3 (Groundball, 6)
Batting: SHB Roberto López 0-0: Ball
1-0: SINGLE (Flyball, 8LM)
Pitching: LHP Bradley Roth
Batting: RHB Rubén Andrada 0-0: Ball
1-0: Fly out, F7 (Line Drive, 7)
Batting: LHB Clark Espinosa 0-0: Called Strike
0-1: Ball
1-1: Swinging Strike
1-2: Strikes out swinging
Top of the 8th over - 0 runs, 1 hit, 0 errors, 1 left on base; Phoenix 4 - Gryfindor 5
BOTTOM OF THE 8TH
Gryfindor Braves batting - Pitching for Phoenix Hotspur Reserves : RHP Dylan Guérin
Batting: LHB Ignacio Medine 0-0: SOLO HOME RUN (Flyball, 9LD), Distance : 341 ft
Batting: LHB Ken Watanabe 0-0: Fly out, F6 (Line Drive, 6)
Batting: RHB Ernesto Souza 0-0: Ball
1-0: Ball
2-0: Foul Ball, location: 2F
2-1: SINGLE (Groundball, 6) (infield hit)
Batting: RHB Roy Herring 0-0: Grounds into double play, 6-4-3 (Groundball, 6)
Bottom of the 8th over - 1 run, 2 hits, 0 errors, 0 left on base; Phoenix 4 - Gryfindor 6
TOP OF THE 9TH
Phoenix Hotspur Reserves batting - Pitching for Gryfindor Braves : LHP Bradley Roth
Pitching: RHP Marcos Oquendo
Batting: LHB Harumi Takaki 0-0: Foul Ball, location: 2F
0-1: Foul Ball, location: 2F
0-2: Ball
1-2: Ball
2-2: Foul Ball, location: 2F
2-2: Foul Ball, location: 2F
2-2: Foul Ball, location: 2F
2-2: SINGLE (Groundball, 2L) (infield hit)
Pinch Runner at 1st Larry Bryant:
Batting: RHB Satoshi Terada 0-0: Ball
1-0: SINGLE (Line Drive, 4MD)
Larry Bryant to second
Batting: RHB Bob Curry 0-0: Bunt missed!
0-1: Sac Bunt - play at first, batter OUT! 5-4
Larry Bryant to third
Satoshi Terada to second
Pinch Hitting: RHB Júlio Mateo 0-0: Called Strike
0-1: Swinging Strike
0-2: Strikes out swinging
Batting: LHB Richard Alpert 0-0: Ball
1-0: Ball
2-0: Ball
3-0: Called Strike
3-1: Base on Balls
Batting: LHB Derek Blair 0-0: Ball
1-0: Ball
2-0: Called Strike
2-1: Foul Ball, location: 2F
2-2: Ground out U3 (Groundball, 3)
Top of the 9th over - 0 runs, 2 hits, 0 errors, 3 left on base; Phoenix 4 - Gryfindor 6
Tuesday, December 19th, 2017 - OOTP Baseball 18.8 Build 76